Map: Dead of Night

Players

Ratl

  • Race: Protoss Protoss
  • League: Silver
  • Spawn Location: 0:00

pox

  • Race: Terran Terran
  • League: Diamond
  • Spawn Location: 0:00

VOD

Have the link to the VOD?

Description

Time

  • Played on: Jan. 22, 2020, 11:43 a.m.
  • Length: 35:29
Show
View Real Time Build Order
Export as new Build Order

Ratl Protoss 

Build Orders:  

Get SALT Encoding   

  12  0:04  Probe (Chrono Boost)  
  13  0:18  Probe (Chrono Boost)  
  14  0:32  Probe (Chrono Boost)  
  14  0:38  Pylon  
  15  0:59  Pylon  
  15  1:02  Probe (Chrono Boost)  
  16  1:16  Probe (Chrono Boost)  
  17  1:30  Probe (Chrono Boost)  
  17  1:34  Assimilator  
  18  1:41  Assimilator  
  18  1:43  Gateway  
  18  1:44  Probe (Chrono Boost)  
  19  1:58  Probe (Chrono Boost)  
  20  2:01  Assimilator  
  20  2:11  Probe (Chrono Boost)  
  21  2:20  Forge  
  21  2:25  Probe (Chrono Boost)  
  22  2:39  Probe (Chrono Boost)  
  23  2:50  Gateway  
  23  2:53  Probe (Chrono Boost)  
  23  2:56  Zealot  
  26  3:07  Probe (Chrono Boost)  
  27  3:13  Cybernetics Core  
  27  3:21  Probe (Chrono Boost)  
  28  3:33  Zealot  
  28  3:35  Probe (Chrono Boost)  
  31  4:08  Pylon  
  31  4:10  Pylon  
  31  4:32  Probe (Chrono Boost)  
  31  4:36  Zealot  
  31  4:37  Zealot x3  
  40  4:46  Probe (Chrono Boost)  
  41  4:58  Robotics Facility  
  41  5:00  Probe (Chrono Boost)  
  42  5:10  Pylon  
  42  5:14  Probe (Chrono Boost)  
  43  5:28  Probe (Chrono Boost)  
  44  5:34  Twilight Council  
  38  5:42  Probe (Chrono Boost)  
  38  5:45  Zealot  
  38  5:46  Zealot  
  43  6:01  Dragoon  
  39  6:24  Dragoon x3  
  41  6:45  Zealot x2  
  41  6:48  Probe (Chrono Boost)  
  38  7:02  Probe (Chrono Boost)  
  35  7:15  Zealot x2  
  35  7:16  Probe (Chrono Boost), Protoss Ground Weapons Level 1  
  40  7:30  Probe (Chrono Boost)  
  40  7:32  Immortal  
  45  7:44  Probe (Chrono Boost)  
  46  7:51  Charge  
  46  8:09  Pylon  
  46  8:18  Pylon  
  46  8:26  Forge  
  46  8:40  Zealot x2  
  50  8:50  Immortal  
  50  8:51  Whirlwind  
  54  9:09  Stargate  
  54  9:12  Stargate  
  54  9:18  Protoss Ground Armor Level 1  
  54  9:36  Robotics Bay, Zealot  
  56  10:01  Immortal  
  60  10:20  Phoenix  
  62  10:49  Fleet Beacon  
  62  11:00  Photon Cannon  
  62  11:02  Photon Cannon  
  62  11:06  Photon Cannon  
  62  11:16  Phoenix  
  62  11:24  Pylon  
  62  11:31  Pylon  
  62  11:35  Pylon  
  62  11:47  Protoss Ground Weapons Level 2  
  62  11:50  Pylon  
  62  11:59  Pylon  
  60  12:05  Pylon  
  60  12:07  Protoss Ground Armor Level 2  
  56  12:12  Improved Barrier  
  56  12:20  Zealot  
  56  12:21  Zealot  
  56  12:48  Reaver  
  60  13:06  Zealot x3  
  60  13:07  Zealot  
  64  13:49  Zealot x2  
  68  13:50  Zealot  
  66  14:12  Zealot  
  66  14:13  Zealot  
  64  14:21  Immortal  
  60  14:38  Gateway  
  56  14:40  Gateway  
  56  14:49  Gateway  
  50  14:54  Gateway  
  50  14:58  Dragoon x2  
  50  15:02  Zealot  
  51  15:17  Protoss Shields Level 1  
  55  15:25  Dragoon  
  57  16:02  Zealot x2  
  57  16:09  Immortal  
  58  16:27  Pylon  
  58  16:31  Pylon  
  58  17:00  Zealot  
  58  17:01  Zealot x5  
  58  17:02  Zealot x4  
  58  17:03  Zealot x2  
  71  17:36  Dragoon x2  
  76  17:42  Probe (Chrono Boost)  
  76  17:51  Pylon  
  76  17:55  Pylon  
  76  17:59  Probe (Chrono Boost), Pylon  
  77  18:01  Phoenix  
  79  18:19  Probe (Chrono Boost)  
  80  18:42  Zealot x3  
  80  18:43  Zealot x3  
  92  19:07  Immortal  
  96  19:18  Protoss Ground Armor Level 3  
  90  19:53  Pylon  
  90  19:58  Pylon  
  86  20:01  Dragoon x3  
  86  20:02  Observer  
  77  20:22  Dragoon  
  77  20:23  Dragoon x2  
  77  20:28  Pylon  
  81  20:32  Pylon  
  77  20:42  Probe (Chrono Boost)  
  76  20:59  Probe (Chrono Boost)  
  77  21:01  Zealot x2  
  77  21:02  Zealot  
  79  21:23  Zealot x2  
  79  21:24  Zealot x2  
  77  21:49  Robotics Facility  
  77  21:57  Dragoon  
  77  21:58  Dragoon  
  77  22:03  Zealot  
  74  22:20  Probe (Chrono Boost)  
  72  22:44  Pylon  
  72  22:48  Pylon  
  72  23:05  Pylon  
  72  23:06  Immortal  
  76  23:15  Pylon  
  76  23:19  Pylon  
  76  23:22  Pylon  
  76  23:26  Pylon, Zealot x2  
  76  23:27  Zealot  
  77  24:10  Zealot x4  
  77  24:11  Zealot x2  
  79  24:30  Immortal  
  83  25:08  Zealot x2  
  83  25:09  Zealot x3  
  93  25:10  Zealot x2  
  97  25:22  Immortal  
  101  25:44  Photon Cannon  
  101  25:47  Photon Cannon  
  101  25:55  Photon Cannon  
  101  25:56  Protoss Shields Level 2  
  101  26:02  Zealot  
  103  26:18  Pylon  
  103  26:47  Dragoon  
  103  26:48  Dragoon  
  107  26:55  Zealot  
  109  27:02  Zealot  
  109  27:19  Dragoon x2  
  105  27:29  Dragoon  
  105  27:30  Dragoon  
  81  28:06  Dragoon  
  77  28:10  Zealot  
  50  28:57  Probe (Chrono Boost)  
  49  29:00  Assimilator  
  49  29:03  Pylon  
  49  29:09  Pylon  
  34  29:14  Probe (Chrono Boost), Dragoon  
  34  29:15  Dragoon x2  
  34  29:16  Dragoon  
  40  29:20  Pylon  
  40  29:29  Zealot  
  43  29:31  Probe (Chrono Boost)  
  39  29:48  Probe (Chrono Boost)  
  26  30:05  Probe (Chrono Boost)  
  10  30:21  Zealot  
  10  30:22  Probe (Chrono Boost)  
  8  30:39  Probe (Chrono Boost)  
  8  31:13  Probe (Chrono Boost)  
  9  31:46  Probe (Chrono Boost)  
  11  32:11  Probe (Chrono Boost)  
  11  32:28  Probe (Chrono Boost)  
  13  32:50  Probe (Chrono Boost)  
  13  33:07  Probe (Chrono Boost)  
  14  33:24  Probe (Chrono Boost)  
  16  33:41  Probe (Chrono Boost)  
  16  33:57  Probe (Chrono Boost)  
  17  34:12  Zealot  
  17  34:14  Probe (Chrono Boost)  
  19  34:31  Probe (Chrono Boost)  
  19  34:36  Zealot  
  21  34:48  Probe (Chrono Boost)  
  20  35:05  Probe (Chrono Boost)  
Show
View Real Time Build Order
Export as new Build Order

pox Terran 

Build Orders:  

Get SALT Encoding   

  12  0:03  SCV  
  13  0:17  SCV  
  14  0:29  Supply Depot  
  14  0:30  SCV  
  15  0:54  SCV  
  16  1:08  SCV  
  17  1:12  Refinery  
  17  1:21  SCV, Supply Depot  
  18  1:35  SCV  
  19  1:48  SCV  
  20  1:50  Factory  
  20  2:02  SCV  
  20  2:05  Supply Depot  
  21  2:16  SCV  
  22  2:27  Engineering Bay  
  22  2:29  SCV  
  23  2:43  SCV  
  24  2:55  Refinery  
  24  2:56  Supply Depot  
  24  3:02  Factory Tech Reactor  
  24  3:03  SCV  
  24  3:06  Armory  
  25  3:16  SCV  
  26  3:26  Refinery  
  26  3:30  SCV  
  26  3:38  Supply Depot  
  27  3:43  SCV  
  28  3:52  Goliath  
  28  3:57  SCV  
  31  4:05  Multi-Lock Weapons System  
  31  4:18  SCV  
  32  4:28  Goliath  
  34  4:39  Upgrade Laser Drill Level 1  
  34  4:43  SCV  
  34  4:48  Goliath  
  37  4:57  SCV  
  38  5:10  SCV  
  39  5:24  SCV  
  40  5:35  Ares-Class Targeting System  
  40  5:44  SCV  
  41  6:10  SCV  
  42  6:24  SCV  
  43  6:40  Upgrade Laser Drill Level 2  
  43  6:43  Supply Depot  
  43  7:04  Goliath  
  43  7:05  Goliath  
  43  7:09  Starport  
  47  7:25  SCV  
  48  7:31  Terran Vehicle and Ship Weapons Level 1  
  48  7:39  SCV  
  49  7:47  Armory  
  49  7:52  SCV  
  50  8:06  SCV  
  50  8:07  Starport Tech Reactor  
  51  8:19  SCV  
  52  8:36  Goliath  
  52  8:37  Goliath  
  56  8:46  SCV  
  57  8:59  SCV  
  57  9:08  Supply Depot, Terran Vehicle And Ship Armor Level 1  
  58  9:13  SCV  
  59  9:21  Goliath  
  59  9:24  Goliath  
  63  9:37  Improved Nano-Repair  
  63  9:38  SCV  
  64  9:44  Supply Depot  
  64  10:05  Science Vessel  
  66  10:11  Regenerative Bio-Steel  
  66  10:16  Goliath x2  
  70  10:25  Supply Depot  
  70  10:36  Science Vessel  
  72  10:48  Goliath x2  
  76  11:19  Science Vessel  
  78  11:24  Science Vessel  
  78  11:27  Goliath x2  
  83  11:41  Advanced Optics  
  83  11:59  Goliath  
  85  12:07  Supply Depot, Science Vessel  
  85  12:09  Supply Depot x2  
  87  12:37  Thor  
  93  12:43  Factory  
  93  13:13  Supply Depot  
  93  13:23  Thor  
  93  13:25  Thor  
  93  13:27  Supply Depot  
  105  13:58  Supply Depot  
  105  14:11  Thor  
  105  14:17  Supply Depot  
  111  14:23  Supply Depot  
  111  14:39  Supply Depot  
  111  14:55  Refinery  
  111  14:56  SCV  
  108  15:10  SCV  
  109  15:30  Factory Tech Reactor  
  109  15:39  Terran Vehicle and Ship Weapons Level 2, Terran Vehicle And Ship Armor Level 2  
  109  15:43  Thor  
  109  15:44  Thor  
  121  16:08  Factory Tech Reactor  
  121  16:21  Spinning Dizzy  
  121  16:32  Spinning Dizzy  
  121  16:33  Spinning Dizzy  
  121  16:37  Thor x2  
  132  17:11  Thor x2  
  144  18:05  Supply Depot  
  144  18:37  Supply Depot  
  144  19:06  Supply Depot  
  144  19:25  Supply Depot  
  144  19:57  Supply Depot  
  142  20:11  Thor x4  
  166  20:30  Supply Depot  
  166  20:40  Terran Vehicle and Ship Weapons Level 3  
  166  20:46  Supply Depot, Terran Vehicle And Ship Armor Level 3  
  166  20:59  Thor x2  
  178  21:09  Supply Depot  
  177  21:44  Thor  
  177  21:45  Thor  
  189  23:05  Thor  
  185  24:22  Goliath x3  
  185  24:23  Goliath  
  193  24:54  Goliath x3  
  193  26:30  Thor  
  184  28:21  Thor  
  184  28:22  Thor  
  194  29:21  Thor  
  194  29:43  Thor  
  177  30:09  Thor  
  174  30:58  Thor x2  
  186  31:04  Factory Tech Reactor  
  186  31:39  Thor x2  
  194  33:30  Thor  
  194  33:37  Thor  
  196  33:47  Thor  
  178  34:25  Thor  
  178  34:27  Goliath  
  186  34:35  Thor  
Tags
 
Add a new tag
Caveats
  • Supply blocks, unpowered buildings, or Contaminate may cause inaccurate times.
  • Supply counts are checked every 10 seconds.